 Dungeon Crawl Stone Soup version 0.29-a0-789-g7a8fcbc185 (webtiles) character file.

Game seed: 2960219679888854351

2647 4206942069 the Skirmisher (level 9, -3/66 (67) HPs)
             Began as a Demigod Hunter on July 2, 2022.
             Shot with an arrow by a centaur warrior (18 damage)
             ... on level 8 of the Dungeon.
             The game lasted 00:28:27 (7533 turns).

4206942069 the Skirmisher (Demigod Hunter)          Turns: 7533, Time: 00:28:28

HP:   -3/66 (67)    AC:  9    Str: 12    XL:     9   Next: 13%
MP:   0/11          EV: 13    Int: 11    God:
Gold: 452           SH:  0    Dex: 29    Spells: 8/8 levels left

rFire   + . .      SeeInvis .   a - +0 shortbow
rCold   . . .      Faith    .   (shield currently unavailable)
rNeg    . . .      Spirit   +   K - +0 steam dragon scales
rPois   .          Reflect  .   A - +0 helmet
rElec   .          Harm     .   n - +1 cloak
rCorr   +          Rampage  .   g - +0 pair of gloves
Will    .....                   (no boots)
Stlth   +++.......              y - amulet of guardian spirit
HPRegen 0.21/turn               h - ring of protection from fire
MPRegen 0.12/turn               F - ring of resist corrosion

@: lightly drained
A: high MP 1, forlorn, divine attributes
a: no special abilities


You were on level 8 of the Dungeon.
You visited 1 branch of the dungeon, and saw 8 of its levels.

You collected 452 gold pieces.

Inventory:

Hand Weapons
 a - a +0 shortbow (weapon)
 z - a +5 scimitar of freezing
 I - a +4 short sword of freezing
 J - a +5 scimitar of freezing
Missiles
 i - 13 poisoned darts
 l - 9 boomerangs
 G - a throwing net
 M - 4 curare-tipped darts
Armour
 g - a +0 pair of gloves (worn)
 n - a +1 cloak (worn)
 A - a +0 helmet (worn)
 C - a +0 scale mail of poison resistance
 K - +0 steam dragon scales (worn)
Magical Staves
 p - a staff of air
Jewellery
 h - a ring of protection from fire (left hand)
 y - an amulet of guardian spirit (around neck)
 F - a ring of resist corrosion (right hand)
Wands
 d - a wand of digging (6)
 u - a wand of flame (6)
 E - a wand of paralysis (13)
Scrolls
 b - a scroll of immolation
 e - 6 scrolls of teleportation
 m - a scroll of enchant armour {unknown}
 q - a scroll of amnesia {unknown}
 r - 2 scrolls of brand weapon {unknown}
 t - a scroll of fear {unknown}
 v - a scroll of noise {unknown}
 x - 2 scrolls of vulnerability {unknown}
 B - 3 scrolls of blinking {unknown}
Potions
 c - 2 potions of cancellation {unknown}
 f - 3 potions of mutation
 j - a potion of haste
 k - 4 potions of curing
 o - a potion of degeneration {unknown}
 s - 4 potions of lignification
 w - a potion of flight {unknown}
 D - 2 potions of might
 H - a potion of ambrosia {unknown}
 L - a potion of attraction {unknown}


   Skills:
 - Level 1.7 Fighting
 + Level 12.0 Ranged Weapons
 - Level 1.7 Dodging
 - Level 1.0 Stealth
 + Level 1.9 Evocations


You had 8 spell levels left.
You didn't know any spells.
Your spell library contained the following spells:

 Spells                   Type           Power      Damage    Failure   Level
 Magic Dart               Conj           0%         1d3       34%         1
 Scorch                   Fire           0%         2d5       47%         2
 Searing Ray              Conj           0%         2d4       47%         2
 Flame Wave               Conj/Fire      0%         2d4       98%         4
 Fulminant Prism          Conj/Hex       0%         3d6       98%         4
 Summon Cactus Giant      Summ           0%         N/A       100%        6


Dungeon Overview and Level Annotations

Branches:
Dungeon (8/15)             Temple (0/1) D:6
   Lair: D:8-11

Shops:
D:2 [(=?

Annotations:
D:2 1 runed translucent door, Crazy Yiuf
D:3 Ijyb
D:7 Joseph


Innate Abilities, Weirdness & Mutations

You have an increased reservoir of magic. (+10% MP)
You shall have no god before yourself.
Your divine heritage dramatically boosts your attributes as you level up.


Message History

Found a blossoming altar of Fedhas.
Found a stone staircase leading down.
B - 3 scrolls labelled QERGHUL NYNEOGG (gained 1)
Found a stone staircase leading up.
There is a stone staircase leading up here.
M - 4 curare-tipped darts
Found a leather armour.
You see here a +0 leather armour.
You open the door.
There is an open door here.
You open the door.
There is an open door here.
You see here a +0 leather armour.
A centaur warrior comes into view.
A centaur warrior is nearby!
You shoot an arrow.
The arrow closely misses the centaur warrior.
The centaur warrior shouts!
The centaur warrior wields a +0 shortbow.
The centaur warrior shoots an arrow.
The arrow hits you!!
You shoot an arrow. The arrow hits the centaur warrior!
The centaur warrior is moderately wounded.
The centaur warrior shoots an arrow.
The arrow hits you!
You shoot an arrow. The arrow hits the centaur warrior!
The centaur warrior is heavily wounded.
The centaur warrior shoots an arrow.
The arrow hits you!
Aiming: Paralyse
Press: ? - help, Shift-Dir - straight line, f/p - centaur warrior
Aim: a centaur warrior, wielding a +0 shortbow (heavily wounded, chance to affect: 36%)
The centaur warrior easily resists.
The centaur warrior shoots an arrow.
The arrow hits you!
* * * LOW HITPOINT WARNING * * *
The centaur warrior shoots an arrow.
The arrow closely misses you.
Okay, then.
Aiming: Dig
Press: ? - help, Shift-Dir - straight line, f - you, p - centaur warrior Please select a direction to dig.
The rock shatters into small pieces.
The centaur warrior shoots an arrow.
The arrow misses you.
The centaur warrior shoots an arrow.
The arrow hits you!!
You die...

###.# #.# #. ..#.# ###.# #.
#.#.# #.##.# #. #.#.# #.# #.#
## #####.#.# #.####.#####
#......<# #.# #.......# # .#
#.###.### #.# #.#.###.###
...##.##..# ##.# #.#.###.##.
..........###@######....##.#..
.......c........[..........'..
............########....##.#..
..#......##.# #.......##.
#.....###.# ###.#######
####### #.# #.# # #.# #.# #.#
#.# #.# #.#


You could see a centaur warrior.

Vanquished Creatures
  Maggie (D:7)
  A hornet (D:7)
  Prince Ribbit (D:5)
  Eustachio (D:6)
  A water moccasin (D:5)
  An ice beast (D:6)
  Blork the orc (D:5)
  A necrophage (D:6)
  A bullfrog (D:6)
  A scorpion (D:6)
  11 wights
  A howler monkey (D:6)
  A jelly (D:6)
  4 orc priests
  2 iguanas (D:5)
  7 orc wizards
  Natasha (thrice) (D:3)
  Terence (D:3)
  A killer bee zombie (D:7)
  Robin (D:4)
  7 gnolls
  6 adders
  A shadow imp (D:7)
  2 white imps
  An ufetubus (D:5)
  2 worms (D:2)
  A dart slug (D:2)
  25 orcs
  5 endoplasms
  2 giant cockroaches
  17 goblins
  8 hobgoblins
  4 jackals (D:1)
  4 kobolds
  2 quokkas (D:2)
  2 ball pythons
  4 bats
  2 frilled lizards
  6 rats
143 creatures vanquished.

Vanquished Creatures (others)
  12 plants (D:4)
12 creatures vanquished.

Grand Total: 155 creatures vanquished

Notes
Turn   | Place    | Note
-------+----------+-------------------------------------------
     0 | D:1      | 4206942069 the Demigod Hunter began the quest for the Orb.
     0 | D:1      | Reached XP level 1. HP: 17/17 MP: 3/3
   269 | D:1      | Reached skill level 4 in Ranged Weapons
   511 | D:1      | Reached XP level 2. HP: 24/24 MP: 4/4
  1176 | D:2      | Reached XP level 3. HP: 29/29 MP: 5/5
  1218 | D:2      | Found Yrira's Jewellery Shop.
  1268 | D:2      | Found a runed translucent door.
  1347 | D:2      | Identified the +0 leather armour "Paocaet" {Drain +Inv
                  | rCorr Dex-2}
  1375 | D:2      | Found Umusema's Armour Shop.
  1533 | D:2      | Found Ufagoz's Antique Weapon Shoppe.
  1632 | D:2      | Reached skill level 1 in Stealth
  1685 | D:2      | Found Faid's Magic Scroll Emporium.
  1818 | D:2      | Noticed Crazy Yiuf
  2067 | D:3      | Noticed Natasha
  2072 | D:3      | Killed Natasha
  2073 | D:3      | Reached skill level 5 in Ranged Weapons
  2244 | D:3      | You fall into a shaft and drop 1 floor!
  2264 | D:4      | Reached XP level 4. HP: 34/36 MP: 6/6
  2362 | D:4      | Noticed Robin
  2540 | D:3      | Noticed Natasha
  2542 | D:3      | Killed Natasha
  2565 | D:3      | Noticed Ijyb
  2570 | D:3      | Noticed Natasha
  2575 | D:3      | Killed Natasha
  2576 | D:3      | Reached skill level 6 in Ranged Weapons
  2576 | D:3      | Reached XP level 5. HP: 35/41 MP: 7/7
  2749 | D:3      | Noticed Terence
  2760 | D:3      | Killed Terence
  3572 | D:4      | Reached XP level 6. HP: 48/48 MP: 8/8
  3622 | D:4      | Reached skill level 7 in Ranged Weapons
  3626 | D:4      | Killed Robin
  3897 | D:5      | Entered Level 5 of the Dungeon
  3930 | D:5      | Noticed a water moccasin
  3937 | D:5      | Killed a water moccasin
  4345 | D:5      | Noticed Blork the orc
  4350 | D:5      | Killed Blork the orc
  4351 | D:5      | Reached skill level 8 in Ranged Weapons
  4559 | D:5      | Reached XP level 7. HP: 53/53 MP: 9/9
  4761 | D:6      | Noticed Eustachio
  4781 | D:6      | Found a staircase to the Ecumenical Temple.
  4938 | D:6      | Killed Eustachio
  5433 | D:6      | Reached skill level 9 in Ranged Weapons
  5659 | D:6      | Noticed Prince Ribbit
  6027 | D:6      | Reached XP level 8. HP: 60/60 MP: 10/10
  6177 | D:5      | Killed Prince Ribbit
  6178 | D:5      | Reached skill level 10 in Ranged Weapons
  6348 | D:7      | Noticed Maggie
  6427 | D:7      | Killed Maggie
  6428 | D:7      | Reached skill level 11 in Ranged Weapons
  6526 | D:7      | Noticed a hornet
  6534 | D:7      | Killed a hornet
  6787 | D:7      | Noticed Joseph
  6794 | D:8      | Noticed a slime creature
  6794 | D:8      | Noticed a slime creature
  6794 | D:8      | Noticed a slime creature
  6794 | D:8      | Noticed a slime creature
  6794 | D:8      | Noticed a slime creature
  6980 | D:8      | Reached XP level 9. HP: 67/67 MP: 11/11
  7007 | D:8      | Reached skill level 1 in Evocations
  7027 | D:8      | Reached skill level 12 in Ranged Weapons
  7527 | D:8      | Noticed a centaur warrior
  7533 | D:8      | Shot with an arrow by a centaur warrior

Illustrated notes

Levels and vault maps discovered:
D:1:      evilmike_arrival_fibonacci_small, layout_basic,
          kennysheep_small_spiral, st_stairs_5
D:2:      layout_rooms, ebering_ecumenical_altar_webs, serial_shops, shop,
          nicolae_lakefront_shop, nicolae_shop_advertising_works
          [nicolae_subvault_shop_adworks], shop, chequers_serial_rivers_room_b,
          minmay_heptomino_l4, uniq_crazy_yiuf_cottage
D:3:      layout_loops_ring, chequers_serial_rivers_micro_b, uniq_ijyb,
          uniq_terence, uniq_natasha
D:4:      layout_cave_pools, mainiacjoe_overflow_catwalk, nicolae_grassy_gnolls,
          uniq_robin
D:5:      layout_loops_ring, grunt_temple_overflow_open,
          small_statue_intersection, kennysheep_generic_room_13,
          uniq_blork_the_orc
D:6:      layout_cave_pods, minmay_temple_entry_glass, uniq_eustachio,
          uniq_prince_ribbit1
D:7:      layout_rooms, lemuel_zombie_altar_yredelemnul,
          nicolae_ru_the_path_less_chosen, uniq_maggie, uniq_joseph
D:8:      layout_loops_corners, mainiacjoe_overflow_boulevard,
          mainiacjoe_overflow_alcove_1, minmay_three_doors

Skill      XL: |  1  2  3  4  5  6  7  8  9 |
---------------+----------------------------+-----
Ranged Weapons | 4 5 6 8 9 11 12 | 12.0
Stealth        | 1 |  1.0
Evocations     | 1 |  1.9
Fighting       | |  1.7
Dodging        | |  1.7

Action                   |  1- 3 |  4- 6 |  7- 9 || total
-------------------------+-------+-------+-------++-------
Melee: Scimitar          |       |       |     8 ||     8
 Fire: Shortbow          |   109 |   186 |   221 ||   516
       Sling             |     5 |       |       ||     5
Evoke: Wand              |       |       |     7 ||     7
  Use: Scroll            |       |       |     7 ||     7
       Potion            |       |       |     4 ||     4
Armor: Leather armour    |     5 |       |       ||     5
       Skin              |     2 |    11 |       ||    13
       Animal skin       |       |    14 |    41 ||    55
       Steam dragon scal |       |       |     7 ||     7
Dodge: Dodged            |    19 |    41 |   112 ||   172

Table legend: (Time is in decaauts)
 A = Elapsed time spent in this place.
 B = Non-inter-level travel time spent in this place.
 C = Inter-level travel time spent in this place.
 D = Time resting spent in this place.
 E = Time spent auto-exploring this place.
 F = Levels seen in this place.
 G = Mean time per level.
                   A        B        C        D        E       F      G
               +--------+--------+--------+--------+--------+-----+--------+
         Total |   7583 |   7159 |    424 |      0 |   5951 |   8 |  947.9 |
       Dungeon |   7583 |   7159 |    424 |      0 |   5951 |   8 |  947.9 |
               +--------+--------+--------+--------+--------+-----+--------+

Top non-repeatable levels by time:
     D:6: 1423 daAuts
     D:3: 1370 daAuts
     D:1: 1170 daAuts
     D:5: 918 daAuts
     D:2: 801 daAuts
     D:8: 737 daAuts
     D:4: 648 daAuts
     D:7: 513 daAuts
